AoeStats
← audi_225

Hideout

503199535Analyzed
2v2 RM · 1mo ago on Aug 30, 2026· 51m 49s· 4 players
Game mode
Random Map
Map size
Medium (4 player)
Population
200
Speed
Normal
Resources
Standard
Victory
Conquest
Starting age
Dark Age
Ending age
Imperial Age
RankedLock teamsTeams togetherTeam positionsShared explorationLock speedFull tech treeHidden civsTurbo modeCheats
Victory
Defeat
🇧🇷 Saracens · Brazil
1538
+14
🇧🇷 Magyars · Brazil
1439
+19
🇺🇸 Georgians · United States
1537
-18
🇺🇦 Hindustanis · Ukraine
1472
-15
[KMNB] Bandeira
6:22 Loom
9:22 Feudal Age
10:01 Double-Bit Axe
10:05 Horse Collar
20:00 Castle Age
18:24 Fletching
18:53 Gold Mining
20:04 Crossbowman
20:49 Bodkin Arrow
20:56 Padded Archer Armor
22:51 Leather Archer Armor
22:20 Crossbowman
23:59 Ballistics
25:05 Bloodlines
26:26 Light Cavalry
29:26 Scale Barding Armor
29:52 Husbandry
36:48 Wheelbarrow
37:21 Chain Barding Armor
39:55 Heavy Plow
40:10 Bow Saw
40:56 Stone Mining
41:41 Gold Shaft Mining
44:36 Imperial Age
42:47 Corvinian Army
43:16 Hand Cart
44:49 Elite Magyar Huszar
46:32 Plate Barding Armor
47:06 Conscription
49:11 Murder Holes
Fs.Khronos
9:28 Feudal Age
10:14 Double-Bit Axe
12:47 Fletching
14:06 Padded Archer Armor
20:34 Castle Age
18:39 Horse Collar
20:11 Padded Archer Armor
20:19 Gold Mining
20:51 Crossbowman
21:26 Bodkin Arrow
24:31 Wheelbarrow
24:11 Bow Saw
26:44 Heavy Plow
31:01 Loom
34:00 Imperial Age
31:55 Hand Cart
32:18 Ballistics
32:45 Squires
34:18 Leather Archer Armor
34:06 Scale Mail Armor
33:27 Pikeman
36:04 Chemistry
36:08 Two-Man Saw
35:36 Bracer
35:38 Arbalester
36:24 Thumb Ring
37:27 Ring Archer Armor
37:18 Chain Mail Armor
37:31 Forging
38:03 Conscription
38:16 Masonry
38:43 Hoardings
38:52 Plate Mail Armor
39:52 Thumb Ring
40:24 Iron Casting
40:56 Elite Skirmisher
41:27 Arson
41:20 Man-at-Arms
41:45 Gambesons
43:02 Blast Furnace
42:40 Gold Shaft Mining
41:55 Stone Mining
43:46 Long Swordsman
44:35 Two-Handed Swordsman
Juan Whick
7:09 Loom
9:37 Feudal Age
13:49 Castle Age
12:22 Double-Bit Axe
12:21 Horse Collar
20:28 Loom
22:59 Wheelbarrow
23:27 Stone Mining
26:31 Hand Cart
26:47 Heavy Plow
27:03 Bow Saw
28:05 Gold Mining
31:24 Imperial Age
29:07 Scale Barding Armor
30:13 Forging
31:35 Chain Barding Armor
32:25 Iron Casting
32:28 Town Watch
34:11 Plate Barding Armor
34:18 Conscription
34:23 Town Patrol
35:05 Coinage
34:44 Husbandry
34:54 Bloodlines
36:03 Stone Shaft Mining
35:20 Elite Monaspa
38:39 Blast Furnace
37:43 Fletching
38:41 Elite Skirmisher
39:24 Padded Archer Armor
40:00 Bodkin Arrow
40:57 Leather Archer Armor
41:20 Bracer
44:53 Chemistry
44:24 Fortified Wall
45:14 Crop Rotation
45:55 Ballistics
47:33 Light Cavalry
49:21 Hussar
audi_225
10:07 Feudal Age
10:34 Loom
14:21 Castle Age
13:35 Forging
17:41 Double-Bit Axe
20:18 Scale Barding Armor
20:58 Bow Saw
22:21 Wheelbarrow
29:15 Bloodlines
29:05 Husbandry
32:32 Imperial Age
29:59 Gold Mining
29:59 Stone Mining
31:35 Hand Cart
33:08 Elite Skirmisher
Connection lost

Rejoining the realm…

Still unreachable

The connection could not be restored.

Session expired

The server has moved on; the page needs a fresh start.